 Dungeon Crawl Stone Soup version 0.29.1-15-g9cfb28693d (webtiles) character file.

Game seed: 1263001403570725893

196602 McKennaii the Gelid (level 17, -8/134 HPs)
             Began as a Demigod Summoner on Feb 23, 2023.
             Killed from afar by Aizul (23 damage)
             ... with a poison arrow
             ... on level 1 of the Elven Halls.
             The game lasted 01:37:23 (49399 turns).

McKennaii the Gelid (Demigod Summoner)             Turns: 49399, Time: 01:37:24

Health: -8/134     AC: 12    Str:  9      XL:     17   Next: 17%
Magic:  33/42      EV: 15    Int: 42 (43) God:
Gold:   547        SH:  8    Dex: 19 (20) Spells: 15/48 levels left

rFire   + . .      SeeInvis +   c - +12 trident of Jytiefum {flame, Int+3}
rCold   + + .      Faith    .   x - +2 buckler
rNeg    . . .      Spirit   .   p - +2 robe {Archmagi}
rPois   .          Reflect  .   n - +1 helmet of Distant Worlds {*Slow rC+ Int+3}
rElec   .          Harm     .   M - +2 cloak
rCorr   .          Rampage  .   R - +0 pair of gloves
Will    +....      Archmagi +   H - +1 pair of boots
Stlth   ++........              d - amulet of magic regeneration
HPRegen 0.32/turn               P - ring of see invisible
MPRegen 0.68/turn               U - ring of Knowledge {rF+ rC+ Dex+6}

@: lethally poisoned (-8 -> -31), about to teleport, very slightly contaminated
A: high MP 1, forlorn, divine attributes
}: 1/15 runes: decaying
a: no special abilities


You were on level 1 of the Elven Halls.
You visited 6 branches of the dungeon, and saw 28 of its levels.
You also visited: Ossuary and Ice Cave.

You collected 2403 gold pieces.
You spent 1856 gold pieces at shops.

Inventory:

Hand Weapons
 c - the +12 trident of Jytiefum (weapon) {flame, Int+3}
   (You acquired it on level 3 of the Swamp)

   It burns those it strikes, dealing additional fire damage.
   Int:       It affects your intelligence (+3).
Armour
 j - a +2 tower shield of cold resistance
 n - the +1 helmet of Distant Worlds (worn) {*Slow rC+ Int+3}
   (You took it off Robin on level 2 of the Dungeon)

   Int:       It affects your intelligence (+3).
   rC:        It protects you from cold.
   *Slow:     It may slow you when you take damage.
 p - a +2 robe of the Archmagi (worn)
 x - a +2 buckler (worn)
 H - a +1 pair of boots (worn)
 M - a +2 cloak (worn)
 R - a +0 pair of gloves (worn)
Magical Staves
 S - a staff of air
 V - a staff of conjuration
Jewellery
 d - an amulet of magic regeneration (around neck)
 w - a ring of wizardry
 F - a ring of poison resistance
 J - a ring of resist corrosion
 N - a ring of protection from fire
 P - a ring of see invisible (left hand)
 T - a +6 ring of intelligence
 U - the ring of Knowledge (right hand) {rF+ rC+ Dex+6}
   (You found it on level 3 of the Lair of Beasts)

   [ring of dexterity]

   Dex:       It affects your dexterity (+6).
   rF:        It protects you from fire.
   rC:        It protects you from cold.
Wands
 h - a wand of digging (6)
 l - a wand of paralysis (10)
 B - a wand of polymorph (7)
 L - a wand of roots (39)
 Q - a wand of quicksilver (32)
 X - a wand of flame (19)
Scrolls
 e - 4 scrolls of fear
 f - 6 scrolls of vulnerability
 i - 8 scrolls of fog
 m - 2 scrolls of summoning
 t - a scroll of silence
 y - 5 scrolls of teleportation
 A - a scroll of magic mapping
 I - 5 scrolls of enchant weapon
 K - 12 scrolls of immolation
 O - 4 scrolls of enchant armour
 Y - a scroll of amnesia
 Z - 5 scrolls of brand weapon
Potions
 a - 4 potions of invisibility
 b - 5 potions of magic
 g - 6 potions of mutation
 k - 2 potions of ambrosia
 q - 8 potions of flight
 r - 9 potions of might
 s - 5 potions of berserk rage
 u - 4 potions of brilliance
 v - 3 potions of resistance
 z - 5 potions of curing
 C - 7 potions of lignification
 D - 3 potions of cancellation
 E - 7 potions of heal wounds
 G - 5 potions of attraction
 W - 2 potions of haste


   Skills:
 + Level 7.9 Fighting
 - Level 4.9 Polearms
 - Level 6.0 Dodging
 - Level 1.7 Stealth
 + Level 4.9 Shields
 + Level 16.0 Spellcasting
 - Level 7.7 Summonings
 - Level 4.0 Translocations
 + Level 18.0 Ice Magic
 - Level 13.5 Air Magic


You had 15 spell levels left.
You knew the following spells:

 Your Spells              Type           Power      Damage    Failure   Level
a - Summon Cactus Giant   Summ           49%        N/A       7%          6
b - Polar Vortex          Ice            67%        N/A       54%         9
c - Call Canine Familiar  Summ           99%        N/A       1%          3
d - Iskenderun's Mystic   Conj/Tloc      66%        2d14      4%          4
e - Airstrike             Air            61%        2d(9-25)  1%          4
f - Freezing Cloud        Conj/Ice/Air   55%        6-21      1%          5
q - Blink                 Tloc           100%       N/A       1%          2

Your spell library contained the following spells:

 Spells                   Type           Power      Damage    Failure   Level
 Apportation              Tloc           100%       N/A       1%          1
 Beastly Appendage        Tmut           100%       N/A       1%          1
 Slow                     Hex            100%       N/A       1%          1
 Summon Small Mammal      Summ           100%       N/A       1%          1
 Call Imp                 Summ           99%        N/A       1%          2
 Poisonous Vapours        Pois/Air       100%       N/A       1%          2
 Wereblood                Tmut           50%        N/A       1%          2
 Gell's Gravitas          Tloc           79%        N/A       1%          3
 Summon Guardian Golem    Hex/Summ       78%        N/A       1%          3
 Teleport Other           Tloc           79%        N/A       1%          3
 Corpse Rot               Necr/Pois/Air  82%        N/A       1%          4
 Summon Lightning Spire   Summ/Air       100%       N/A       1%          4
 Summon Forest            Summ/Tloc      45%        N/A       2%          5
 Confusing Touch          Hex            50%        N/A       3%          3
 Spider Form              Tmut/Pois      50%        N/A       3%          3
 Vampiric Draining        Necr           50%        2d9       3%          3
 Simulacrum               Ice/Necr       52%        N/A       4%          6
 Manifold Assault         Tloc           79%        N/A       5%          5
 Summon Mana Viper        Hex/Summ       78%        N/A       6%          5
 Conjure Ball Lightning   Conj/Air       47%        3x3d16    10%         6
 Anguish                  Hex/Necr       25%        N/A       11%         4
 Animate Dead             Necr           50%        N/A       11%         4
 Dispel Undead            Necr           50%        3d19      11%         4
 Fulminant Prism          Conj/Hex       25%        3d14      11%         4
 Alistair's Intoxication  Tmut/Pois      33%        N/A       28%         5
 Borgnjor's Vile Clutch   Necr/Erth      25%        N/A       28%         5
 Lee's Rapid Deconstruct  Erth           25%        3d15*     28%         5
 Dispersal                Tloc           39%        N/A       30%         6
 Storm Form               Tmut/Air       47%        N/A       50%         7
 Death Channel            Necr           25%        N/A       85%         6
 Haunt                    Necr/Summ      39%        N/A       88%         7
 Enfeeble                 Hex            25%        N/A       100%        7
 Infestation              Necr           25%        N/A       100%        8


Dungeon Overview and Level Annotations

Branches:
Dungeon (15/15)            Temple (0/1) D:4            Lair (5/5) D:9
  Swamp (4/4) Lair:3       Spider (1/4) Lair:3        Slime (0/5) Lair:4
    Orc (2/2) D:10            Elf (1/3) Orc:2        Vaults (0/5) D:14
 Depths (0/4) D:15        Ossuary (visited)           IceCv (visited)

Shops:
D:4 (   D:5 (   D:10 [[*   D:15 (   Orc:1 *   Orc:2 :=??[**

Annotations:
Elf:1 Aizul


Innate Abilities, Weirdness & Mutations

You have an increased reservoir of magic. (+10% MP)
You shall have no god before yourself.
Your divine heritage dramatically boosts your attributes as you level up.


Message History

You are poisoned.
Unknown command.
You swap places.
You feel extremely sick.
You feel better.
Aizul is engulfed in freezing vapours.
Aizul casts a spell at you. The bolt of poison hits you!!
You are poisoned.
Casting: Freezing Cloud (mildly dangerous; 1% risk of failure)
Confirm with . or Enter, or press ? or * to list all spells.
You feel a surge of power!
You miscast Summon Cactus Giant.
You are very lightly contaminated with residual magic.
A chorus of moans calls out in your mind.
A nameless horror comes into view.
You feel very sick.
Aizul is engulfed in freezing vapours.
Your warg completely misses Aizul.
Aizul is engulfed in freezing vapours.
As you read the scroll of teleportation, it crumbles to dust.
You feel strangely unstable.
You feel very sick. Aizul casts a spell at you. The poison arrow hits you.
You are more poisoned.
Send 'em back where they came from!
Your warg shudders.
You feel better.
Aizul coils herself and waves her upper body at you.
The bolt of poison hits you!!
You are poisoned.
* * * LOW HITPOINT WARNING * * *
Your warg closely misses Aizul.
Aizul casts a spell at you. The poison arrow hits you!!
You are lethally poisoned!
* * * LOW HITPOINT WARNING * * *
You feel better.
Your warg closely misses Aizul.
Aizul casts a spell at you. The poison arrow hits you!!
You are lethally poisoned!
You die...

:.............)..
.........)....#.
................
###################'###..#..
......................#..#..
......................#..#..
....).................#..'..
.......)...X..........#..#..
...........@..........#..#..
###########S###########
.......h§..S...
.........§.$...
###############


You could see Aizul (ally target), a nameless horror and a friendly warg
(summoned).

Vanquished Creatures
  Saint Roka (Orc:1)
  Rupert (D:13)
  2 thorn hunters (Swamp:4)
  An orc warlord (Orc:1)
  An ironbound preserver (D:14)
  A broodmother (Spider:1)
  A stone giant (D:15)
  4 eleionomae
  7 bunyips
  2 deep elf death magi (Elf:1)
  Snorg (Lair:5)
  A shambling mangrove (Swamp:4)
  Josephine (D:11)
  Erolcha (D:12)
  A rakshasa (D:15)
  17 hydras
  A ghost crab (Swamp:3)
  A catoblepas (Lair:5)
  A radroach (Spider:1)
  7 centaur warriors
  2 ogre magi (Orc:2)
  5 tengu warriors
  8 two-headed ogres (Orc:2)
  6 boulder beetles
  8 death yaks
  6 alligators
  A deep troll shaman (Lair:5)
  Urug (Lair:3)
  2 orc high priests
  2 deep elf knights
  A fire crab (shapeshifter) (D:12)
  2 deep trolls (Orc:2)
  2 pharaoh ants (Spider:1)
  5 spriggan druids
  A sun moth (Spider:1)
  7 goliath frogs
  An orb spider (shapeshifter) (D:13)
  5 orb spiders (Spider:1)
  A deep elf archer (Elf:1)
  5 bog bodies
  3 orc knights
  An orange crystal statue (D:12)
  20 swamp dragons
  A necromancer (IceCv)
  The ghost of Inner the Spear-Bearer, a novice NaBe of Trog (D:6)
  10 deep elf pyromancers
  10 deep elf zephyrmancers
  2 lindwurms
  2 wolf spiders (Spider:1)
  4 oklob plants
  3 will-o-the-wisps
  4 orc sorcerers
  7 ugly things
  12 cyclopes
  A manticore (D:14)
  14 elephants
  3 torpor snails (Spider:1)
  4 black mambas
  18 cane toads
  2 ice statues (IceCv)
  2 gargoyles
  2 efreet (D:13)
  A rime drake (shapeshifter) (D:11)
  An unseen horror (D:10)
  A demonic crawler (Spider:1)
  5 rime drakes
  2 tengu conjurers
  An anaconda simulacrum (IceCv)
  4 kobold demonologists
  9 komodo dragons
  4 yaktaurs (D:15)
  5 ice devils (IceCv)
  11 trolls
  2 bloated husks (Swamp:2)
  4 meliai
  A slime creature (shapeshifter) (D:13)
  7 tyrant leeches
  12 hornets
  A polar bear (Lair:5)
  7 tarantellas (Spider:1)
  2 blink frogs (Lair:2)
  10 slime creatures
  7 dream sheep (Lair:5)
  4 culicivoras (Spider:1)
  A centaur simulacrum (D:11)
  A dire elephant simulacrum (IceCv)
  4 shadows
  36 yaks
  12 jumping spiders (Spider:1)
  11 spriggans
  A vampire (D:14)
  5 wraiths
  A fire elemental (Elf:1)
  4 basilisks
  16 vampire mosquitoes
  6 wargs
  11 redbacks (Spider:1)
  18 swamp worms
  An acid dragon (D:12)
  A nameless horror (Swamp:2)
  10 water moccasins
  2 hydra simulacra (IceCv)
  28 orc warriors
  A sky beast (D:8)
  10 swamp drakes
  A black bear (Lair:1)
  24 ogres
  12 centaurs
  12 wolves
  15 kobold brigands
  A phantom (D:10)
  An elf zombie (D:5)
  A necrophage (D:4)
  13 bullfrogs
  A two-headed ogre simulacrum (IceCv)
  A wyvern zombie (Ossuary)
  4 scorpions
  2 wights (D:8)
  2 troll zombies (D:10)
  7 killer bees
  2 oklob saplings (D:9)
  2 electric eels (D:14)
  4 howler monkeys
  A bullfrog zombie (Ossuary)
  A hound (D:6)
  15 orc priests
  Crazy Yiuf (D:2)
  An iron imp (D:8)
  3 jellies
  An iguana (D:5)
  A gnoll bouda (Orc:1)
  A human skeleton (D:5)
  17 orc wizards
  5 hell rats (Lair:2)
  3 spriggan simulacra (IceCv)
  A killer bee zombie (Ossuary)
  4 ogre zombies (D:10)
  6 mummies (Ossuary)
  A howler monkey zombie (Ossuary)
  5 gnolls
  3 adders
  3 white imps (D:11)
  An ufetubus (D:5)
  3 worms
  3 dart slugs
  51 orcs
  6 ball pythons
  3 bats
  3 endoplasms
  2 giant cockroaches (D:4)
  5 jackals
  A frilled lizard (D:1)
  6 goblins
  A goblin skeleton (D:10)
  A goblin zombie (D:10)
  2 hobgoblin zombies (D:10)
  16 kobolds
  2 orc skeletons
  14 orc zombies (D:10)
  A rat (D:2)
  2 bushes (Lair:4)
832 creatures vanquished.

Vanquished Creatures (collateral kills)
  A fenstrider witch (Swamp:2)
  A bunyip (Swamp:1)
  2 boulder beetles
  A two-headed ogre (D:7)
  A swamp dragon (Swamp:2)
  A deep elf pyromancer (Elf:1)
  An orc sorcerer (Elf:1)
  A komodo dragon (D:9)
  An ice devil (IceCv)
  4 anaconda simulacra (IceCv)
  A polar bear (Lair:2)
  A blink frog (Lair:2)
  A slime creature (D:14)
  2 jumping spiders (Spider:1)
  A shadow (D:10)
  A water elemental (Elf:1)
  Sigmund (D:2)
  2 yaks (D:9)
  A redback (Spider:1)
  A vampire mosquito (D:11)
  A steam dragon (D:7)
  2 hydra simulacra (IceCv)
  3 water moccasins
  An acid dragon (D:8)
  3 orc warriors
  3 sky beasts
  A black bear (D:9)
  4 kobold brigands
  A necrophage (D:6)
  A bullfrog (D:6)
  3 scorpions
  An elf skeleton (D:5)
  A water moccasin zombie (Ossuary)
  6 wights (D:8)
  6 killer bees
  An electric eel (D:6)
  A howler monkey (D:6)
  A centaur zombie (Ossuary)
  2 bullfrog zombies (Ossuary)
  2 orc priests
  A gnoll bouda (D:6)
  5 orc wizards
  A troll simulacrum (IceCv)
  A spriggan simulacrum (IceCv)
  A killer bee zombie (Ossuary)
  11 mummies (Ossuary)
  2 howler monkey zombies (Ossuary)
  Robin (D:2)
  3 gnolls (D:6)
  6 adders
  11 white imps
  24 orcs
  3 endoplasms
  2 giant cockroaches (D:2)
  10 goblins
  5 hobgoblins
  7 jackals
  9 kobolds
  3 quokkas
  8 ball pythons
  4 bats
  An orc skeleton (D:5)
  An orc zombie (D:5)
  5 rats
  A bush (D:9)
196 creatures vanquished.

Vanquished Creatures (others)
  2 spriggans (Swamp:1)
  A spriggan druid (Swamp:1)
  A bloated husk (Swamp:1)
  A hornet (Swamp:1)
  A bush (Lair:5)
  61 fungi
  84 plants
  7 withered plants (Ossuary)
158 creatures vanquished.

Grand Total: 1186 creatures vanquished

Notes
Turn   | Place    | Note
-------+----------+-------------------------------------------
     0 | D:1      | McKennaii the Demigod Summoner began the quest for the Orb.
     0 | D:1      | Reached XP level 1. HP: 14/14 MP: 5/5
   807 | D:1      | Reached XP level 2. HP: 20/20 MP: 2/7
  2211 | D:2      | Reached XP level 3. HP: 24/26 MP: 7/9
  2272 | D:2      | Learned a level 2 spell: Call Imp
  2276 | D:2      | Learned a level 3 spell: Call Canine Familiar
  2435 | D:2      | Noticed Sigmund
  2595 | D:2      | Identified the +1 helmet of Distant Worlds {*Slow rC+
                  | Int+3}
  2595 | D:2      | Noticed Robin
  2637 | D:2      | Killed Robin
  2932 | D:2      | Found a runed translucent door.
  2933 | D:2      | Noticed Crazy Yiuf
  3350 | D:2      | Killed Sigmund
  3351 | D:2      | Reached skill level 5 in Summonings
  3351 | D:2      | Reached XP level 4. HP: 32/33 MP: 3/12
  3351 | D:2      | Reached XP level 5. HP: 37/38 MP: 3/13
  3587 | D:2      | Killed Crazy Yiuf
  3991 | D:3      | Learned a level 2 spell: Blink
  4465 | D:4      | Found a staircase to the Ecumenical Temple.
  4498 | D:4      | Reached XP level 6. HP: 45/45 MP: 15/15
  4598 | D:4      | Found Foaqus's Weapon Boutique.
  5327 | D:5      | Entered Level 5 of the Dungeon
  5442 | D:5      | Found a sand-covered staircase.
  5543 | Ossuary  | Entered an ossuary
  5566 | Ossuary  | Reached XP level 7. HP: 50/50 MP: 12/17
  5568 | Ossuary  | Reached skill level 5 in Spellcasting
  5980 | Ossuary  | Reached XP level 8. HP: 46/57 MP: 20/20
  6146 | D:5      | Found Cooseunu's Weapon Emporium.
  6483 | D:5      | Learned a level 4 spell: Iskenderun's Mystic Blast
  6663 | D:6      | Found a runed translucent door.
  6670 | D:6      | Noticed Inner's ghost (novice NaBe)
  6757 | D:6      | Reached skill level 1 in Fighting
  6757 | D:6      | Reached skill level 1 in Translocations
  7829 | D:6      | Killed Inner's ghost
  7830 | D:6      | Reached XP level 9. HP: 66/68 MP: 16/23
  7838 | D:6      | Learned a level 5 spell: Freezing Cloud
  8127 | D:7      | Noticed a two-headed ogre
  8156 | D:7      | Killed a two-headed ogre
  8157 | D:7      | Reached skill level 1 in Ice Magic
  8590 | D:7      | Reached skill level 2 in Ice Magic
  9205 | D:7      | Noticed a deep elf pyromancer
  9545 | D:7      | Killed a deep elf pyromancer
  9959 | D:8      | Reached skill level 3 in Ice Magic
 10268 | D:8      | Reached skill level 5 in Dodging
 10370 | D:8      | Reached XP level 10. HP: 75/80 MP: 20/25
 11038 | D:9      | Reached skill level 5 in Fighting
 11050 | D:9      | Reached skill level 4 in Ice Magic
 11176 | D:9      | Found a staircase to the Lair.
 11827 | D:9      | Got Nazinid's Precepts of Nature
 12281 | D:9      | Reached skill level 5 in Ice Magic
 12830 | D:10     | Entered Level 10 of the Dungeon
 12835 | D:10     | Found Kelien's Elemental Accessories.
 12843 | D:10     | Bought a scroll of teleportation for 45 gold pieces
 12843 | D:10     | Bought Sif Muna's Lectures on the Atmosphere for 510 gold
                  | pieces
 12851 | D:10     | Learned a level 4 spell: Airstrike
 12877 | D:10     | Reached skill level 1 in Air Magic
 12894 | D:10     | Reached XP level 11. HP: 80/89 MP: 4/28
 13018 | D:10     | You fall into a shaft and drop 1 floor!
 13038 | D:11     | Identified a scroll of acquirement
 13039 | D:11     | Acquired an amulet of magic regeneration
 13186 | D:11     | Noticed Josephine
 13302 | D:11     | Found a frozen archway.
 13355 | IceCv    | Entered an ice cave
 13500 | IceCv    | Reached skill level 6 in Ice Magic
 16872 | IceCv    | Reached skill level 7 in Ice Magic
 17066 | IceCv    | Noticed a bog body
 17066 | IceCv    | Noticed a necromancer
 17068 | IceCv    | Killed a necromancer
 17070 | IceCv    | Killed a bog body
 17379 | D:11     | Reached skill level 10 in Spellcasting
 17379 | D:11     | Reached skill level 5 in Air Magic
 17935 | D:11     | Noticed a boulder beetle
 17940 | D:11     | Reached skill level 8 in Ice Magic
 17947 | D:11     | Killed a boulder beetle
 18180 | D:11     | Killed Josephine
 18181 | D:11     | Reached XP level 12. HP: 94/96 MP: 5/31
 18326 | D:11     | Reached skill level 9 in Ice Magic
 18469 | D:10     | Found Qouj's Armour Shoppe.
 18490 | D:12     | Noticed Erolcha
 18622 | Lair:1   | Entered Level 1 of the Lair of Beasts
 19731 | Lair:2   | Reached skill level 10 in Ice Magic
 20641 | Lair:3   | Identified the ring of Knowledge {rF+ rC+ Dex+6}
 20673 | Lair:3   | Reached skill level 11 in Ice Magic
 21069 | Lair:3   | Noticed Urug
 21074 | Lair:3   | Killed Urug
 21149 | Lair:3   | Found a hole to the Spider Nest.
 21336 | Lair:3   | You fall into a shaft and drop 2 floors!
 21336 | Lair:5   | Entered Level 5 of the Lair of Beasts
 21887 | Lair:3   | Found a staircase to the Swamp.
 21952 | Lair:3   | Noticed a boulder beetle
 21969 | Lair:3   | Killed a boulder beetle
 22434 | Lair:4   | Reached XP level 13. HP: 102/102 MP: 15/33
 22553 | Lair:4   | Found a staircase to the Slime Pits.
 22576 | Lair:4   | Reached skill level 12 in Ice Magic
 23392 | Lair:5   | Reached skill level 13 in Ice Magic
 24538 | Lair:5   | Reached skill level 14 in Ice Magic
 24703 | Lair:5   | Reached skill level 10 in Air Magic
 24734 | Lair:5   | Noticed Snorg
 24754 | Lair:5   | Killed Snorg
 25555 | D:12     | Reached XP level 14. HP: 110/110 MP: 20/35
 25694 | D:12     | Killed Erolcha
 27360 | D:13     | Reached skill level 15 in Ice Magic
 27794 | D:13     | Noticed Rupert
 28295 | D:13     | Killed Rupert
 29954 | D:14     | Found a gate to the Vaults.
 29954 | D:14     | Noticed an ironbound preserver
 29962 | D:14     | Killed an ironbound preserver
 30531 | D:15     | Entered Level 15 of the Dungeon
 31258 | D:15     | Identified the +7 dagger "Gejen" {holy, rC- Will- rCorr
                  | Int+9}
 31939 | D:15     | Found Gogh's Antique Weapon Emporium.
 32275 | D:15     | Reached XP level 15. HP: 91/115 MP: 26/38
 32364 | D:15     | Found a staircase to the Depths.
 32863 | D:10     | Found Toojiuduin's Armour Boutique.
 32868 | D:10     | Bought a +2 robe of the Archmagi for 565 gold pieces
 33868 | D:10     | Found a staircase to the Orcish Mines.
 34329 | Orc:1    | Entered Level 1 of the Orcish Mines
 34334 | Orc:1    | Reached skill level 16 in Ice Magic
 34443 | Orc:1    | Identified the +2 chain mail "Enenooz" {Regen+ Str+4}
 35024 | Orc:2    | Entered Level 2 of the Orcish Mines
 35024 | Orc:2    | Found Buwkoar's Magic Scroll Emporium.
 35024 | Orc:2    | Found Ditezeta's Magic Scroll Shop.
 35218 | Orc:2    | Found Nixtamus's General Store.
 35773 | Orc:2    | Noticed Saint Roka
 36144 | Orc:2    | Bought a scroll of blinking for 112 gold pieces
 36144 | Orc:2    | Bought a scroll of identify for 30 gold pieces
 36496 | Orc:1    | Killed Saint Roka
 36732 | Orc:2    | Found Emuf Metwume's Jewellery Shoppe.
 36746 | Orc:2    | Found Iduf's General Store.
 36750 | Orc:2    | Found Acixo's Armour Emporium.
 37246 | Orc:2    | Found a staircase to the Elven Halls.
 37265 | Orc:2    | Found Odecante's Book Shop.
 37272 | Orc:2    | Bought a book of the Wilderness for 570 gold pieces
 37281 | Orc:2    | Learned a level 6 spell: Summon Cactus Giant
 37460 | Orc:1    | Found Xeutt's Assorted Antiques.
 37468 | Orc:1    | Bought a glowing amethyst potion for 24 gold pieces
 37658 | Swamp:1  | Entered Level 1 of the Swamp
 38622 | Swamp:1  | You fall into a shaft and drop 1 floor!
 39163 | Swamp:2  | Reached skill level 15 in Spellcasting
 39188 | Swamp:2  | Learned a level 9 spell: Polar Vortex
 39188 | Swamp:2  | Noticed a fenstrider witch
 39191 | Swamp:2  | Killed a fenstrider witch
 39192 | Swamp:2  | Reached skill level 17 in Ice Magic
 39392 | Swamp:2  | Identified the +4 robe of Gehenna {Harm Drain rF+++ Dex-3}
 39451 | Swamp:2  | Reached XP level 16. HP: 122/122 MP: 26/40
 41356 | Swamp:3  | Acquired the +12 trident of Jytiefum {flame, Int+3}
 41886 | Swamp:3  | Reached skill level 1 in Polearms
 41987 | Swamp:4  | Entered Level 4 of the Swamp
 41991 | Swamp:4  | Reached skill level 1 in Shields
 45266 | Swamp:4  | Got a decaying rune of Zot
 45711 | Spider:1 | Entered Level 1 of the Spider Nest
 48318 | Elf:1    | Entered Level 1 of the Elven Halls
 48329 | Elf:1    | Reached XP level 17. HP: 133/133 MP: 30/42
 48433 | Elf:1    | Reached skill level 18 in Ice Magic
 49391 | Elf:1    | Noticed Aizul
 49399 | Elf:1    | Killed from afar by Aizul

Illustrated notes

Levels and vault maps discovered:
D:1:      dpeg_arrival_simpleton_a, layout_loops_ring,
          chequers_ecumenical_altar_simple_redux, nrook_mini_backslash
D:2:      layout_basic, basic_altar, uniq_sigmund, uniq_crazy_yiuf_cottage,
          uniq_robin
D:3:      layout_basic, mainiacjoe_overflow_boulevard, lemuel_round_altar,
          nzn_wu_jian_contemplation
D:4:      layout_basic, minmay_temple_entry_stoned_glass, serial_shops,
          shop_statue
D:5:      layout_cave_pools, serial_shops, shop, nicolae_ossuary_entry_catacombs
D:6:      layout_basic, chei_slow_surprise, ebering_ghost_sewer_d,
          abandoned_shop, st_stairs_14, serial_bayou_lagoon_b
D:7:      layout_layer_cave, nicolae_overflow_hidden_temple, minmay_three_doors
D:8:      layout_loops_cross, makhleb_grotto_becter,
          nicolae_figureground_sparkle
D:9:      layout_loops_corners, nicolae_kikubaaqudgha_miasma_corner,
          due_lair_maze_entry_diamond, introduction_to_nature_2
D:10:     layout_roguey [special_room_kobold], zombieorc1_lemuel, serial_shops,
          nicolae_shop_hallway_plus, nicolae_take_the_stairs,
          nicolae_elemental_shop
D:11:     layout_roguey, portal_ice_cave_entry_imps, grunt_ministairs_12,
          uniq_josephine
D:12:     minmay_general_purpose_star, layout_loops_ring, minivault_16,
          uniq_erolcha
D:13:     layout_rooms, nooodl_orcs_dogs, uniq_rupert
D:14:     layout_basic, skrybe_vaults_entry_preservation
D:15:     grunt_enter_depths_snipers, layout_loops_ring, serial_shops,
          nicolae_square_shop, grunt_dithmenos_smoke, kennysheep_flooded_box,
          dk_noncrumbling_3
Lair:1:   layout_chaotic_city, grunt_megastairs_2
Lair:2:   layout_cave_pods
Lair:3:   minmay_lair_oklob_chamber, layout_gridlike, minmay_swamp_entry_wisps,
          hellmonk_spider_entry_not_the_bees, uniq_urug
Lair:4:   layout_regular_city, dpeg_slime_entry_enclosed,
          minmay_lair_oklob_bushes
Lair:5:   grunt_lair_end_beastmaster, layout_regular_city,
          infiniplex_staircase_pool, uniq_snorg
Swamp:1:  layout_falls_marsh, hangedman_swamp_cone
Swamp:2:  layout_falls_marsh, evilmike_swamp_ruin_rubble_2, swamp_pool1,
          nicolae_swamp_soggy_hallways
Swamp:3:  layout_basic_swamp, nicolae_swamp_treefoil, swamp_pool1,
          hangedman_swamp_grove
Swamp:4:  swamp_basic_johnstein, layout_basic_swamp, infiniplex_staircase_pool_2
Spider:1: layout_chambers, nicolae_spider_orb_run
Orc:1:    layout_caves, serial_shops,
          nicolae_shop_temple_entry_statues_fountains, elf_legates
Orc:2:    st_orc_open, layout_caves, serial_shops, shop, shop,
          nicolae_shop_behind_doors, okawaru_metal_pillars_3, uniq_saint_roka
Elf:1:    nicolae_elf_arrival_no_cutting_in_line, layout_onion_city,
          minmay_elf_annihilation, nicolae_elf_vaults_five_recruitment_drive,
          uniq_aizul

Skill      XL: |  1  2  3  4  5  6  7  8  9 10 11 12 13 14 15 16 17 |
---------------+----------------------------------------------------+-----
Spellcasting   | 2 3 4 6 7 8 10 11 12 13 15 16 | 16.0
Summonings     | 4 5 6 7 |  7.7
Dodging        | 3 5 6 |  6.0
Fighting       | 2 4 6 7 |  7.9
Translocations | 2 4 |  4.0
Ice Magic      | 3 5 8 11 14 15 17 18 | 18.0
Air Magic      | 1 5 8 10 12 13 | 13.5
Polearms       | 4 |  4.9
Shields        | 4 |  4.9
Stealth        | |  1.7

Action                   |  1- 3 |  4- 6 |  7- 9 | 10-12 | 13-15 | 16-18 || total
-------------------------+-------+-------+-------+-------+-------+-------++-------
Melee: Unarmed           |    96 |       |       |       |       |       ||    96
       Punch             |     3 |       |       |       |     1 |       ||     4
       Halberd           |       |   114 |   238 |   254 |       |       ||   606
       Staff             |       |       |       |     2 |    26 |       ||    28
       Trident           |       |       |       |       |       |    15 ||    15
 Cast: Summon Small Mamm |    69 |    16 |    13 |     4 |       |       ||   102
       Call Imp          |    13 |     6 |    36 |    38 |       |       ||    93
       Call Canine Famil |     4 |     7 |    30 |    66 |     6 |     2 ||   115
       Freezing Cloud    |       |       |       |    33 |   103 |    36 ||   172
       Iskenderun's Myst |       |       |       |    68 |   130 |    30 ||   228
       Airstrike         |       |       |       |   233 |   692 |   433 ||  1358
       Summon Cactus Gia |       |       |       |       |     6 |    18 ||    24
Evoke: Wand              |       |       |       |       |     8 |       ||     8
  Use: Potion            |     1 |       |     1 |     6 |     5 |     5 ||    18
       Scroll            |       |       |     2 |    22 |    22 |    11 ||    57
 Stab: Distracted        |     4 |     1 |     1 |     2 |       |       ||     8
       Sleeping          |     2 |     4 |     7 |     2 |       |       ||    15
Armor: Robe              |    25 |       |       |       |    24 |    35 ||    84
       Animal skin       |    14 |    36 |    84 |       |       |       ||   134
       Steam dragon scal |       |       |    34 |   184 |    45 |       ||   263
Dodge: Dodged            |   100 |    74 |   170 |   262 |   182 |    61 ||   849
Block: Buckler           |       |       |       |       |       |    17 ||    17
